 Dungeon Crawl Stone Soup version 0.21.1-1-g345015f (webtiles) character file.

2082 Lapis the Geomancer (level 9, -1/45 HPs)
             Began as a Gargoyle Earth Elementalist on Feb 10, 2018.
             Slain by shakethe's ghost (7 damage)
             ... on level 6 of the Dungeon.
             The game lasted 00:10:48 (6040 turns).

Lapis the Geomancer (Gargoyle Earth Elementalist)   Turns: 6040, Time: 00:10:50

Health: -1/45      AC: 17    Str: 18    XL:     9   Next: 27%
Magic:  11/18      EV: 13    Int: 18    God:
Gold:   354        SH:  5    Dex: 10    Spells: 5/20 levels left

rFire    . . .     SeeInvis .   x - +1 flail (protect)
rCold    . . .     Gourm    .   y - +0 buckler
rNeg     + + +     Faith    .   D - +1 robe "Gatag" {rElec rPois rN+ MR+} (curse)
rPois    ∞         Spirit   .   v - +0 helmet
rElec    +         Reflect  .   (no cloak)
rCorr    .         Harm     +   (no gloves)
MR       +....                  (no boots)
Stlth    ++........             i - amulet of harm
HPRegen  0.15/turn              g - ring of positive energy
MPRegen  0.16/turn              r - ring of poison resistance

@: mighty, protection aura
A: negative energy resistance 1, electricity resistance, unbreathing,
petrification resistance, rot immunity, AC +6
a: no special abilities


You were on level 6 of the Dungeon.
You were hungry.

You visited 1 branch of the dungeon, and saw 6 of its levels.

You collected 354 gold pieces.

Inventory:

Hand Weapons
 x - a +1 flail of protection (weapon)
 F - a +1 flail of crushing
Missiles
 b - 91 stones (quivered)
 m - 2 steel javelins
Armour
 v - a +0 helmet (worn)
 y - a +0 buckler (worn)
 D - the cursed +1 robe "Gatag" (worn) {rElec rPois rN+ MR+}
   (You found it on level 5 of the Dungeon)

   It insulates you from electricity.
   It protects you from poison.
   It protects you from negative energy.
   It affects your resistance to hostile enchantments.
   It has a curse placed upon it.
Jewellery
 g - a ring of positive energy (left hand)
 i - an amulet of harm (around neck)
 r - a ring of poison resistance (right hand)
Wands
 c - a wand of enslavement (15)
 p - a wand of digging (10)
 s - a wand of paralysis (12)
Scrolls
 k - 2 scrolls of identify
 q - 4 scrolls of teleportation {unknown}
 t - a scroll of noise {unknown}
 w - 2 scrolls of enchant weapon {unknown}
 A - 2 scrolls of fog {unknown}
 B - 5 scrolls of remove curse
 C - 3 scrolls of amnesia {unknown}
 E - a scroll of fear
 H - a scroll of vulnerability {unknown}
Potions
 a - a potion of agility {unknown}
 f - 2 potions of might
 h - 3 potions of lignification {unknown}
 j - 2 potions of flight {unknown}
 l - 3 potions of cancellation {unknown}
 n - a potion of magic {unknown}
 o - a potion of invisibility {unknown}
 u - 2 potions of heal wounds
 z - 3 potions of curing {unknown}
Books
 e - a book of Geomancy

   Spells                             Type                      Level
   a - Sandblast                      Earth                        1
   b - Passwall                       Transmutation/Earth          2
   c - Stone Arrow                    Conjuration/Earth            3
   d - Petrify                        Transmutation/Earth          4
   e - Lee's Rapid Deconstruction     Earth                        5
 G - a book of Cantrips

   Spells                             Type                      Level
   a - Confusing Touch                Hexes                        1
   b - Animate Skeleton               Necromancy                   1
   c - Summon Small Mammal            Summoning                    1
   d - Apportation                    Translocation                1
Comestibles
 d - 13 rations


   Skills:
 + Level 3.1 Dodging
 - Level 2.1 Stealth
 - Level 5.0 Shields
 + Level 6.4 Spellcasting
 * Level 4.9 Conjurations
 - Level 0.7 Transmutations
 + Level 8.5 Earth Magic


You had 5 spell levels left.
You knew the following spells:

 Your Spells              Type           Power        Failure   Level  Hunger
a - Sandblast             Erth           #####.       1%          1    None
b - Passwall              Tmut/Erth      ###.......   2%          2    None
c - Stone Arrow           Conj/Erth      ####..       2%          3    ##.....
d - Petrify               Tmut/Erth      ###.....     17%         4    ####...
e - Lee's Rapid Deconstr  Erth           #####.....   10%         5    #####..


Dungeon Overview and Level Annotations

Branches:
Dungeon (6/15)
 Temple: D:4-7

Altars:
Ashenzari
Hepliaklqana
Okawaru
Wu Jian

Shops:
D:4 *

Annotations:
D:6 shakethe's ghost, novice GrFi


Innate Abilities, Weirdness & Mutations

You are resistant to torment.
Your stone body is resilient. (AC +6)
You are immune to poison.
You resist negative energy. (rN+)
You are resistant to electric shocks. (rElec)
You can survive without breathing.
You are immune to petrification.
You are immune to rotting.


Message History

Shakethe's ghost closely misses you.
You feel very mighty all of a sudden. Shakethe's ghost hits you.
You feel much better.
Shakethe's ghost hits you but does no damage.
Wield which item (- for none, * to show all)? (? for menu, Esc to quit)
Okay, then.
You closely miss shakethe's ghost.
Shakethe's ghost is moderately damaged.
Shakethe's ghost hits you! Shakethe's ghost hits you.
You barely miss shakethe's ghost.
Shakethe's ghost is moderately damaged.
Shakethe's ghost hits you.
You sock shakethe's ghost!
Your weapon exudes an aura of protection.
Shakethe's ghost is severely damaged.
Shakethe's ghost hits you!
* * * LOW HITPOINT WARNING * * *
Shakethe's ghost hits you.
You die...

.....'.......#....#
.....#.......'....#
.....##'####+#....#
####............###
#............#
#............#
#............#
#............####+###
############.@W......
#......... #.........
#......... #....####.
#....# #....# #....#


You could see shakethe's ghost.

Vanquished Creatures
  Pikel (D:4)
  A hippogriff (D:3)
  4 water moccasins (D:4)
  Edmund (D:5)
  2 sky beasts (D:5)
  A slave (D:4)
  A howler monkey (D:5)
  2 hounds
  A bullfrog zombie (D:5)
  A jelly (D:5)
  5 orc priests
  3 orc wizards
  6 worker ants
  A hound skeleton (D:4)
  Robin (D:4)
  6 adders
  An adder skeleton (D:4)
  6 worms
  2 dart slugs (D:1)
  4 leopard geckos
  14 orcs
  2 giant cockroaches
  10 goblins
  9 hobgoblins
  6 jackals
  2 quokkas (D:3)
  2 ball pythons
  13 bats
  5 frilled lizards
  4 kobolds
  6 rats
123 creatures vanquished.

Vanquished Creatures (others)
  A centaur skeleton (D:5)
1 creature vanquished.

Grand Total: 124 creatures vanquished

Notes
Turn   | Place    | Note
-------+----------+-------------------------------------------
     0 | D:1      | Lapis the Gargoyle Earth Elementalist began the quest for the Orb.
     0 | D:1      | Reached XP level 1. HP: 10/10 MP: 3/3
   112 | D:1      | Reached skill level 4 in Earth Magic
   112 | D:1      | Reached XP level 2. HP: 15/15 MP: 0/5
   445 | D:1      | Learned a level 2 spell: Passwall
   760 | D:1      | Reached XP level 3. HP: 18/19 MP: 4/6
   765 | D:1      | Learned a level 3 spell: Stone Arrow
  1498 | D:2      | Reached XP level 4. HP: 24/24 MP: 5/8
  1798 | D:3      | Noticed a hippogriff
  1805 | D:3      | Killed a hippogriff
  1805 | D:3      | Reached skill level 5 in Earth Magic
  1805 | D:3      | Reached XP level 5. HP: 8/28 MP: 1/10
  1805 | D:3      | Reached XP level 6. HP: 9/32 MP: 1/11
  2044 | D:2      | Learned a level 4 spell: Petrify
  3483 | D:4      | Noticed a slave
  3485 | D:4      | Noticed Pikel
  3485 | D:4      | Noticed a slave
  3489 | D:4      | Noticed a slave
  3489 | D:4      | Killed a slave
  3497 | D:4      | Killed Pikel
  3497 | D:4      | Reached skill level 5 in Spellcasting
  3497 | D:4      | Reached skill level 7 in Earth Magic
  3497 | D:4      | Reached XP level 7. HP: 33/36 MP: 1/14
  3656 | D:4      | Learned a level 5 spell: Lee's Rapid Deconstruction
  3663 | D:4      | Found Xydghuto's Serpentskin Sales.
  3667 | D:4      | Reached XP level 8. HP: 31/41 MP: 10/16
  3810 | D:4      | Noticed Robin
  3825 | D:4      | Killed Robin
  4093 | D:4      | Reached skill level 8 in Earth Magic
  4119 | D:4      | Reached skill level 1 in Shields
  4232 | D:4      | Found an iron altar of Okawaru.
  4387 | D:4      | Found an ornate altar of the Wu Jian Council.
  4389 | D:4      | Found a shattered altar of Ashenzari.
  4390 | D:4      | Found a hazy altar of Hepliaklqana.
  4842 | D:5      | Entered Level 5 of the Dungeon
  4898 | D:5      | Noticed Edmund
  4909 | D:5      | Killed Edmund
  4909 | D:5      | Reached XP level 9. HP: 37/45 MP: 8/18
  4912 | D:5      | Reached skill level 5 in Shields
  5174 | D:5      | Got a heavy robe
  5185 | D:5      | Identified the cursed +1 robe "Gatag" {rElec rPois rN+ MR+} (You found it on level 5 of the Dungeon)
  6019 | D:6      | Noticed shakethe's ghost (novice GrFi)
  6040 | D:6      | Slain by shakethe's ghost

Skill      XL: |  1  2  3  4  5  6  7  8  9 |
---------------+----------------------------+-----
Earth Magic    | 4 5 7 8 |  8.5
Dodging        | 2 3 |  3.1
Spellcasting   | 3 5 6 |  6.4
Conjurations   | 2 3 4 |  4.9
Shields        | 4 5 |  5.0
Stealth        | |  2.1
Transmutations | |  0.7

Action                   |  1- 3 |  4- 6 |  7- 9 || total
-------------------------+-------+-------+-------++-------
Melee: Unarmed           |    70 |     3 |       ||    73
       Flail             |       |    39 |   106 ||   145
 Cast: Sandblast         |    38 |    63 |    80 ||   181
  Use: Scroll            |       |     4 |       ||     4
       Potion            |       |       |     2 ||     2
 Stab: Distracted        |       |     1 |       ||     1
       Sleeping          |       |     1 |       ||     1
  Eat: Chunk             |     2 |     6 |     8 ||    16
Armor: Robe              |    29 |    24 |    56 ||   109
       Animal skin       |       |       |    40 ||    40
Dodge: Dodged            |    51 |    36 |    86 ||   173
Block: Buckler           |       |       |    14 ||    14
